 Dungeon Crawl Stone Soup version 0.20.1-1-g8b1a95d (webtiles) character file.

2045 letownia2 the Reanimator (level 9, 47/74 HPs)
             Began as a Deep Dwarf Necromancer on Nov 3, 2017.
             Quit the game on level 7 of the Dungeon.
             The game lasted 00:20:01 (6790 turns).

letownia2 the Reanimator (Deep Dwarf Necromancer)   Turns: 6790, Time: 00:20:02

Health: 47/74      AC: 11    Str: 14    XL:     9   Next: 4%
Magic:  16/16      EV:  6    Int: 21    God:
Gold:   244        SH:  0    Dex: 13    Spells: 13/17 levels left

rFire    . . .     SeeInvis .   a - +3 hand axe (chop)
rCold    . . .     Gourm    .   (no shield)
rNeg     + . .     Faith    .   G - +0 chain mail (curse)
rPois    .         Spirit   .   H - +0 helmet
rElec    .         Reflect  .   t - +1 cloak
rCorr    .         Harm     .   (no gloves)
MR       +....                  (no boots)
Stlth    ..........             (no amulet)
Regen    0.0/turn               q - +4 ring of intelligence
MPRegen  0.2/turn               s - ring of positive energy

@: non-regenerating
A: damage resistance, heal wounds, sense surroundings 2, no regeneration
a: Heal Wounds


You were on level 7 of the Dungeon.
You were not hungry.

You visited 2 branches of the dungeon, and saw 9 of its levels.
You also visited: Sewer.

You collected 244 gold pieces.

Inventory:

Hand Weapons
 a - a +3 hand axe of chopping (weapon)
 f - a +0 dagger
 h - a -3 dagger
 x - a +1 dagger of draining
 y - a +0 shortbow
 E - a +0 hunting sling
 P - a +0 flail of protection
Missiles
 g - 41 sling bullets
 l - 27 poisoned needles
 C - 197 arrows
 F - 7 javelins (quivered)
Armour
 d - the +3 ring mail "Wieged" {rElec MR+ Regen+ Int+6}
   (You found it on level 4 of the Dungeon)

   It affects your intelligence (+6).
   It insulates you from electricity.
   It affects your resistance to hostile enchantments.
   It increases your rate of regeneration.
 t - a +1 cloak (worn)
 G - a cursed +0 chain mail (worn)
 H - a +0 helmet (worn)
Jewellery
 q - a +4 ring of intelligence (left hand)
 s - a ring of positive energy (right hand)
 O - an uncursed ring of stealth
Wands
 k - a wand of flame (0/48)
 m - a wand of iceblast (7/15)
 D - a wand of confusion (16/48)
 I - a wand of digging (15/24)
 J - a wand of acid (8/15)
Scrolls
 e - 2 scrolls of fear
 o - 4 scrolls of identify
 v - 4 scrolls of teleportation
 w - 3 scrolls of magic mapping
 K - a scroll of immolation
Potions
 i - a potion of agility {unknown}
 j - a potion of heal wounds {unknown}
 n - 4 potions of might
 p - 4 potions of magic
 r - 2 potions of degeneration {unknown}
 z - 2 potions of flight
 A - a potion of mutation {unknown}
 M - a potion of brilliance {unknown}
Books
 b - a book of Necromancy

   Spells                             Type                      Level
   a - Pain                           Necromancy                   1
   b - Animate Skeleton               Necromancy                   1
   c - Vampiric Draining              Necromancy                   3
   d - Regeneration                   Charms/Necromancy            3
   e - Animate Dead                   Necromancy                   4
   f - Control Undead                 Necromancy                   4
Comestibles
 c - 2 bread rations
 u - 4 meat rations
 B - 2 royal jellies
 N - 11 chunks of flesh


   Skills:
 - Level 2.6 Fighting
 + Level 5.2 Axes
 - Level 0.4 Armour
 - Level 2.1 Dodging
 - Level 2.4 Stealth
 - Level 4.9 Spellcasting
 + Level 9.2 Necromancy
 - Level 5.4 Evocations


You had 13 spell levels left.
You knew the following spells:

 Your Spells              Type           Power        Failure   Level  Hunger
a - Pain                  Necr           ####         7%          1    None
v - Vampiric Draining     Necr           #####.....   22%         3    ##.....


Dungeon Overview and Level Annotations

Branches:
Dungeon (8/15)             Temple (1/1) D:6
   Lair: D:8-11

Altars:
Ashenzari
Cheibriados
Dithmenos
Elyvilon
Fedhas
Hepliaklqana
Kikubaaqudgha
Makhleb
Nemelex Xobeh
Okawaru
Qazlal
Ru
Sif Muna
Trog
Uskayaw
Vehumet
Yredelemnul
Zin
The Shining One

Annotations:
D:4 letownia2's ghost, amateur DDNe


Innate Abilities, Weirdness & Mutations

You are resistant to damage.
You can heal yourself by infusing magical energy.
You passively map the area around you.
You do not regenerate.


Message History

Wear which item? (? for menu, Esc to quit)
You start removing your armour.
You continue taking off the +3 ring mail "Wieged" {rElec MR+ Regen+ Int+6}. x4
You finish taking off the +3 ring mail "Wieged" {rElec MR+ Regen+ Int+6}.
You start putting on your armour.
You continue putting on your shiny chain mail. x5
You finish putting on your cursed +0 chain mail.
Oops, that feels deathly cold.
Unknown command.
Put on which piece of jewellery? (? for menu, Esc to quit)
Okay, then.
Okay, then.
Wield which item (- for none, * to show all)? (? for menu, Esc to quit)
Okay, then.
Okay, then.
As you read the scroll labeled VUBUKA RAGGI, it crumbles to dust.
It is a scroll of recharging.
Charge which item? (? for menu, Esc to quit)
Your wand of acid (?/15) glows for a moment.
Are you sure you want to abandon this character and quit the game? (Confirm with "yes".)

..##......# #.## .........##
#..# #........# ### #..#
##......######.### ##.## #
##........##....## #..# ##
#...............###..# #.
#................##..## ##.
#..#..##..............### ###.#
#.###.........@...###...###))))
### ##............#####.....#..
# #.............# ##....... ##
#....>........# #........ .#
#.............# #.##...## ##
#######......## ########
########


There were no monsters in sight!

Vanquished Creatures
  A hippogriff (D:5)
  Eustachio (D:5)
  Menkaure (D:5)
  A black bear (D:7)
  4 centaurs
  3 bullfrogs
  A jelly (D:6)
  2 howler monkeys
  2 crimson imps
  3 orc priests
  3 hounds
  7 orc wizards
  A bullfrog skeleton (D:5)
  Ijyb (D:3)
  4 worker ants
  A hound zombie (D:6)
  Robin (D:4)
  10 adders
  A howler monkey skeleton (D:7)
  4 river rats (Sewer)
  2 shadow imps (D:5)
  An ooze (Sewer)
  An adder skeleton (D:4)
  A worm (D:4)
  3 leopard geckos
  27 orcs
  15 ball pythons
  6 giant cockroaches
  6 goblins
  A hobgoblin (D:1)
  4 jackals
  A kobold (D:3)
  5 quokkas
  4 bats
  4 frilled lizards
  28 rats
161 creatures vanquished.

Notes
Turn   | Place    | Note
-------+----------+-------------------------------------------
     0 | D:1      | letownia2 the Deep Dwarf Necromancer began the quest for the Orb.
     0 | D:1      | Reached XP level 1. HP: 15/15 MP: 3/3
   228 | D:2      | Reached XP level 2. HP: 20/22 MP: 0/5
   371 | D:3      | Found a glowing drain.
   379 | D:3      | Reached skill level 5 in Necromancy
   385 | D:3      | Noticed Ijyb
   401 | D:3      | Killed Ijyb
   401 | D:3      | Reached XP level 3. HP: 10/28 MP: 0/6
   409 | D:3      | Learned a level 3 spell: Vampiric Draining
   422 | D:3      | Noticed Robin
   431 | Sewer    | Entered a sewer
   891 | Sewer    | Reached skill level 6 in Necromancy
   891 | Sewer    | Reached XP level 4. HP: 20/36 MP: 4/7
  1796 | Sewer    | Reached XP level 5. HP: 35/42 MP: 4/8
  1818 | Sewer    | Reached skill level 7 in Necromancy
  1840 | Sewer    | Reached skill level 8 in Necromancy
  1840 | Sewer    | Reached XP level 6. HP: 6/49 MP: 0/9
  2312 | D:4      | Noticed letownia2's ghost (amateur DDNe)
  2324 | D:4      | Got a translucent ring mail
  2375 | D:3      | Identified the +3 ring mail "Wieged" {rElec MR+ Regen+ Int+6} (You found it on level 4 of the Dungeon)
  2864 | D:4      | Reached skill level 1 in Fighting
  3020 | D:5      | Entered Level 5 of the Dungeon
  3020 | D:5      | Noticed a slave
  3020 | D:5      | Noticed a slave
  3020 | D:5      | Noticed a slave
  3368 | D:5      | Found a sparkling altar of Nemelex Xobeh.
  3368 | D:5      | Noticed Eustachio
  3378 | D:5      | Killed Eustachio
  3378 | D:5      | Reached XP level 7. HP: 49/57 MP: 1/13
  3492 | D:5      | Noticed a hippogriff
  3503 | D:5      | Killed a hippogriff
  3608 | D:5      | Found a shadowy altar of Dithmenos.
  3661 | D:5      | Noticed Menkaure
  3848 | D:5      | Killed Menkaure
  4068 | D:5      | Reached XP level 8. HP: 34/68 MP: 8/15
  4234 | D:5      | Reached skill level 1 in Evocations
  4404 | D:6      | Reached skill level 1 in Axes
  4426 | D:6      | Found a blossoming altar of Fedhas.
  4435 | D:6      | Found a staircase to the Ecumenical Temple.
  4446 | Temple   | Entered the Ecumenical Temple
  4904 | D:2      | Found a radiant altar of Vehumet.
  4904 | D:2      | Found a hide-covered altar of Uskayaw.
  5097 | D:4      | Killed Robin
  5516 | D:6      | Found a bloodstained altar of Trog.
  5534 | D:6      | Reached skill level 5 in Evocations
  5615 | D:6      | Found a shattered altar of Ashenzari.
  6173 | D:7      | Found a shattered altar of Ashenzari.
  6177 | D:7      | Found a deep blue altar of Sif Muna.
  6396 | D:7      | Found a glowing golden altar of the Shining One.
  6397 | D:7      | Found a white marble altar of Elyvilon.
  6399 | D:7      | Found a glowing silver altar of Zin.
  6530 | D:7      | Found a bloodstained altar of Trog.
  6534 | D:7      | Reached skill level 5 in Axes
  6534 | D:7      | Reached skill level 9 in Necromancy
  6606 | D:7      | Gained mutation: You passively map the area around you. [Deep Dwarf growth]
  6606 | D:7      | Reached XP level 9. HP: 51/74 MP: 0/16
  6790 | D:7      | Quit the game

Skill      XL: |  1  2  3  4  5  6  7  8 |
---------------+-------------------------+-----
Spellcasting   | 2 4 |  4.9
Necromancy     | 5 6 8 9 |  9.2
Fighting       | 1 2 |  2.6
Evocations     | 5 |  5.4
Axes           | 5 |  5.2
Armour         | |  0.4
Dodging        | |  2.1
Stealth        | |  2.4

Action                   |  1- 3 |  4- 6 |  7- 9 || total
-------------------------+-------+-------+-------++-------
Melee: Dagger            |    30 |   109 |    17 ||   156
       Hand axe          |       |       |   186 ||   186
 Cast: Pain              |    36 |    59 |    11 ||   106
       Vampiric Draining |     7 |    45 |    41 ||    93
Evoke: Wand              |       |       |     8 ||     8
  Use: Potion            |       |     4 |       ||     4
       Scroll            |       |    10 |     3 ||    13
  Eat: Chunk             |     2 |    14 |    11 ||    27
Armor: Ring mail         |    13 |   156 |   240 ||   409
Dodge: Dodged            |    29 |   163 |   265 ||   457
